 Dungeon Crawl Stone Soup version 0.25.0-26-g0c896c7088 (webtiles) character file.

Game seed: 17747756674992715030

410707 Exodus22XD the Executioner (level 22, -11/210 HPs)
             Began as a Deep Dwarf Fighter on July 5, 2020.
             Was the Champion of Makhleb.
             Killed from afar by an acid blob (13 damage)
             ... with a splash of acid
             ... on level 5 of the Pits of Slime.
             The game lasted 02:42:29 (35635 turns).

Exodus22XD the Executioner (Deep Dwarf Fighter)    Turns: 35635, Time: 02:42:32

Health: -11/210    AC: -11   Str: 25    XL:     22   Next: 14%
Magic:  0/10       EV:  8    Int: 12    God:    Makhleb [******]
Gold:   1554       SH: 30    Dex: 12    Spells: 21/21 levels left

rFire    + + +     SeeInvis +   w - +5 broad axe (vamp)
rCold    + + +     Gourm    .   O - +2 tower shield
rNeg     + + .     Faith    .   B - +2 gold dragon scales
rPois    +         Spirit   +   a - +2 hat of the Bear Spirit {Spirit, +Rage rN+ MR++}
rElec    .         Reflect  +   H - scarf {rC+ rF+}
rCorr    .         Harm     .   I - +0 pair of gloves of Elyvilon's Approval {rF+ rC+}
MR       +++++                  v - +2 pair of boots
Stlth    ..........             X - amulet of reflection
HPRegen  0.00/turn              J - +4 ring of protection
MPRegen  0.12/turn              A - ring of see invisible

@: corroded, non-regenerating
A: damage resistance, heal wounds, blurry vision 1, negative energy resistance
1, sense surroundings 3, weak 1, no regeneration
}: 3/15 runes: serpentine, barnacled, silver
a: Heal Wounds, Minor Destruction, Lesser Servant of Makhleb, Major Destruction,
Greater Servant of Makhleb, Renounce Religion, Evoke Berserk Rage


You were on level 5 of the Pits of Slime.
You worshipped Makhleb.
Makhleb was exalted by your worship.
You were not hungry.

You visited 7 branches of the dungeon, and saw 40 of its levels.
You visited 3 bazaars.
You also visited: Volcano.

You collected 4100 gold pieces.
You spent 2546 gold pieces at shops.

Inventory:

Hand Weapons
 j - the +10 morningstar "Eos" {elec, Halo rElec}
   (You took it off a fire giant on level 5 of the Vaults)

   Occasionally, upon striking a foe, it will discharge some electrical energy
   and cause terrible harm.
   It insulates you from electricity.
 w - a +5 vampiric broad axe (weapon)
Armour
 a - the +2 hat of the Bear Spirit (worn) {Spirit, +Rage rN+ MR++}
   (You bought it in a shop in a bazaar)

   It protects you from negative energy.
   It affects your resistance to hostile enchantments.
   It lets you go berserk.
 h - the +3 plate armour of Cloud Cover {+Blink rC++ MR+}
   (You bought it in a shop in a bazaar)

   It greatly protects you from cold.
   It affects your resistance to hostile enchantments.
   It lets you blink.
 v - a +2 pair of boots (worn)
 B - +2 gold dragon scales (worn)
 H - a scarf of resistance (worn)
 I - the +0 pair of gloves of Elyvilon's Approval (worn) {rF+ rC+}
   (You found it on level 3 of the Snake Pit)

   It protects you from fire.
   It protects you from cold.
 O - a +2 tower shield (worn)
Jewellery
 c - the ring "Obbunorch" {*Tele rN++ Str+2 Int-5 SInv}
   (You took it off an ironbrand convoker on level 5 of the Vaults)

   [ring of teleportation]

   It may teleport you next to monsters.
   It affects your strength (+2).
   It affects your intelligence (-5).
   It greatly protects you from negative energy.
   It lets you see invisible.
 A - a ring of see invisible (right hand)
 J - a +4 ring of protection (left hand)
 W - a +6 ring of strength
 X - an amulet of reflection (around neck)
Wands
 u - a wand of enslavement (6)
 y - a wand of paralysis (12)
 D - a wand of iceblast (14)
 G - a wand of flame (113)
 M - a wand of disintegration (25)
 N - a wand of polymorph (20)
 Q - a wand of digging (13)
Scrolls
 d - 3 scrolls of holy word
 g - 11 scrolls of identify
 k - 15 scrolls of remove curse
 n - 9 scrolls of teleportation
 o - 8 scrolls of fear
 q - 3 scrolls of blinking
 s - 14 scrolls of magic mapping
 t - a scroll of silence
 z - 6 scrolls of immolation
 P - a scroll of brand weapon
 S - 4 scrolls of fog
 V - a scroll of torment
Potions
 b - 3 potions of heal wounds
 i - 5 potions of stabbing
 l - 11 potions of curing
 p - 11 potions of lignification
 x - 4 potions of flight
 C - 2 potions of might
 E - a potion of haste
 F - a potion of mutation
 K - 2 potions of resistance
 T - a potion of invisibility
 U - 2 potions of cancellation
 Z - 2 potions of ambrosia
Miscellaneous
 r - a box of beasts
 L - a phial of floods
Comestibles
 f - 58 rations


   Skills:
 + Level 15.2 Fighting
 * Level 23.0(23.1) Axes
 - Level 4.0(15.1) Maces & Flails
 + Level 13.9 Armour
 - Level 8.5 Dodging
 * Level 20.8 Shields
 * Level 19.8 Invocations
 + Level 1.0 Evocations


You had 21 spell levels left.
You didn't know any spells.
Your spell library contained the following spells:

 Spells                   Type           Power        Failure   Level  Hunger
 Apportation              Tloc           #.....       100%        1    ##.....
 Corona                   Hex            #......      100%        1    ##.....
 Foxfire                  Conj/Fire      #...         100%        1    ##.....
 Summon Butterflies       Summ           #.......     100%        1    ##.....
 Ensorcelled Hibernation  Hex/Ice        #.....       100%        2    ###....
 Passwall                 Tmut/Erth      #.......     100%        2    ###....
 Slow                     Hex            #.......     100%        2    ###....
 Swiftness                Chrm/Air       #.......     100%        2    ###....
 Confusing Touch          Hex            #.......     100%        3    ####...
 Conjure Flame            Conj/Fire      #.......     100%        3    ####...
 Gell's Gravitas          Tloc           #.........   100%        3    ####...
 Inner Flame              Hex/Fire       #.......     100%        3    ####...
 Lesser Beckoning         Tloc           #.........   100%        3    ####...
 Portal Projectile        Hex/Tloc       #.....       100%        3    ####...
 Tukima's Dance           Hex            #.......     100%        3    ####...
 Cause Fear               Hex            #.........   100%        4    #####..
 Leda's Liquefaction      Hex/Erth       #.........   100%        4    #####..
 Passage of Golubria      Tloc           N/A          100%        4    #####..
 Petrify                  Tmut/Erth      #.......     100%        4    #####..
 Sticky Flame             Conj/Fire      #.......     100%        4    #####..
 Alistair's Intoxication  Tmut/Pois      #.......     100%        5    ######.
 Borgnjor's Vile Clutch   Necr/Erth      #.........   100%        5    ######.
 Fireball                 Conj/Fire      #.........   100%        5    ######.
 Lee's Rapid Deconstruct  Erth           #.........   100%        5    ######.
 Metabolic Englaciation   Hex/Ice        #.........   100%        5    ######.
 Silence                  Hex/Air        #.........   100%        5    ######.
 Yara's Violent Unravell  Hex/Tmut       #.........   100%        5    ######.
 Darkness                 Hex            #.........   100%        6    #######
 Invisibility             Hex            #.......     100%        6    #######
 Shadow Creatures         Summ           N/A          100%        6    #######
 Discord                  Hex            #.........   100%        8    #######


Dungeon Overview and Level Annotations

Branches:
Dungeon (15/15)            Temple (1/1) D:5            Lair (6/6) D:9
 Shoals (4/4) Lair:2        Snake (4/4) Lair:4        Slime (5/5) Lair:5
    Orc (0/2) D:10         Vaults (5/5) D:13          Crypt (0/3) Vaults:2
 Depths (0/5) D:15        Volcano (visited)

Altars:
Ashenzari
Cheibriados
Dithmenos
Elyvilon
Fedhas
Gozag
Hepliaklqana
Kikubaaqudgha
Makhleb
Nemelex Xobeh
Okawaru
Qazlal
Ru
Sif Muna
Trog
Uskayaw
Vehumet
Wu Jian
Xom
Yredelemnul
Zin
The Shining One

Shops:
D:10 %   D:13 (*   D:14 (   D:15 (?   Vaults:5 *:

Annotations:
D:11 2 transporters, dengdeng's ghost, journeyman MiBe
D:12 1 runed translucent door, Golibam's ghost, novice FoFi
Lair:6 exclusion: oklob plant


Innate Abilities, Weirdness & Mutations

You are resistant to damage.
You can heal yourself by infusing magical energy.
You resist negative energy. (rN+)
You passively map a large area around you.
You do not regenerate.
Scrolls take you a little longer to read.
You are weak. (Str -2)


Message History

You block the slime creature's attack.
You begin reading the scroll.
You continue reading the scroll.
The acid blob hits you!
* * * LOW HITPOINT WARNING * * *
You are splashed with acid!
* * * LOW HITPOINT WARNING * * *
The acid blob spits acid at you. The splash of acid hits you!
* * * LOW HITPOINT WARNING * * *
The acid corrodes you!
You are splashed with acid!
* * * LOW HITPOINT WARNING * * *
You block the large slime creature's attack.
The acid blob spits acid at you.
The splash of acid reflects off an invisible shield around you!
The splash of acid hits the acid blob.
The acid blob completely resists.
The slime creature hits you!
* * * LOW HITPOINT WARNING * * *
The acid blob spits acid at you. The splash of acid hits you!
You die...

* ...............
...........G.... ,
*,, ,
,................ *
* ................
* ,................
,
................,*
, *
.......G........ *
, ,......JJJG......
* *
.......@J....... ,
#.......JG...... ,
* #...............
........<.......,,,
....##..........,
,, , .#.#
#.#........ , ##*
###.#...G.. , ,,
####..... ,.....,


You could see 3 acid blobs, a great orb of eyes, a large slime creature, a slime
creature, 3 shining eyes and an eye of draining.

Vanquished Creatures
  Mara (Vaults:2)
  An ancient lich (Vaults:5)
  Nikola (Vaults:3)
  2 golden dragons (Vaults:5)
  Jory (Vaults:5)
  A tentacled monstrosity (Vaults:5)
  Asterion (Snake:3)
  5 acid blobs
  A lich (Vaults:5)
  2 quicksilver dragons (Vaults:5)
  2 sphinxes
  2 shadow dragons (Vaults:5)
  7 tengu reavers
  Agnes (D:15)
  4 storm dragons (Vaults:5)
  3 azure jellies (Slime:1)
  Ilsuiw (Shoals:4)
  4 frost giants
  2 fire giants (Vaults:5)
  2 deep elf sorcerers (Vaults:5)
  7 nagarajas (Snake:4)
  16 vault wardens
  A deep elf elementalist (Vaults:5)
  An orc warlord (Vaults:4)
  14 ironheart preservers
  9 stone giants
  2 deep elf demonologists
  2 deep elf annihilators
  A deep elf death mage (Vaults:4)
  3 merfolk javelineers
  15 merfolk impalers
  6 ettins
  A quicksilver dragon zombie (D:15)
  2 small abominations (Vaults:5)
  2 great orbs of eyes
  13 ogre magi
  A deep elf high priest (Vaults:5)
  2 fire dragons (Vaults:3)
  9 yaktaur captains
  20 naga warriors
  A catoblepas (Lair:6)
  6 hydras
  31 vault guards
  4 centaur warriors
  2 ice dragons
  3 anacondas
  4 merfolk avatars
  An alligator (Shoals:2)
  3 death knights
  2 alligator snapping turtles
  5 death yaks
  4 merfolk aquamancers (Shoals:4)
  A deep troll earth mage (Vaults:2)
  2 deep troll shamans
  A tengu warrior (D:15)
  48 two-headed ogres
  16 naga sharpshooters
  A queen ant (Lair:2)
  A vampire mage (D:15)
  7 deep elf knights
  10 shock serpents
  Nergalle (D:11)
  8 hell knights
  A fire crab (shapeshifter) (D:13)
  4 skeletal warriors
  3 salamander mystics
  2 shadow wraiths
  11 sea snakes
  4 unseen horrors
  14 deep trolls
  2 naga ritualists
  3 wizards
  2 glowing orange brains (Vaults:1)
  A lindwurm (Lair:6)
  A flayed ghost (Vaults:3)
  18 ironbrand convokers
  15 orc knights
  Pikel (D:5)
  6 deep elf archers
  A harpy (Shoals:2)
  An anaconda skeleton (Volcano)
  5 phantasmal warriors
  19 deep elf magi
  2 necromancers
  4 orc sorcerers
  7 mana vipers
  3 shining eyes
  17 ugly things
  4 wolf spiders
  11 salamanders
  15 manticores
  2 fauns
  A frost giant zombie (Vaults:3)
  5 cyclopes
  A moth of wrath (shapeshifter) (D:13)
  A fire giant skeleton (Vaults:3)
  3 elephants (Lair:5)
  A black mamba (shapeshifter) (Vaults:3)
  24 black mambas
  7 merfolk sirens
  19 guardian serpents
  18 naga magi
  16 vault sentinels
  5 water nymphs
  A stone giant skeleton (D:15)
  2 spiny frogs (shapeshifter)
  A guardian serpent (shapeshifter) (Vaults:3)
  5 gargoyles (Volcano)
  12 spiny frogs
  A kobold demonologist (D:12)
  3 rime drakes
  38 yaktaurs
  7 freezing wraiths
  A guardian mummy (D:15)
  2 efreet
  6 komodo dragons
  A human skeleton (Vaults:3)
  2 polar bears (shapeshifter)
  6 trolls
  25 merfolk
  2 hornets
  5 wind drakes
  Grinder (D:5)
  37 slime creatures
  3 harpy skeletons (Volcano)
  14 hippogriffs
  A meliai zombie (D:14)
  19 blink frogs
  5 snapping turtles
  19 dream sheep
  Prince Ribbit (D:6)
  2 flying skulls (Volcano)
  A frost giant simulacrum (Vaults:1)
  A stone giant simulacrum (Vaults:3)
  10 water elementals
  2 vampires
  An ettin skeleton (Vaults:3)
  4 shadows
  2 wyverns
  A wraith (D:14)
  3 hogs (D:7)
  A human (D:7)
  3 basilisks
  An alligator skeleton (Volcano)
  Grum (D:11)
  3 fire elementals (D:14)
  30 yaks
  4 hungry ghosts
  8 golden eyes
  2 vampire mosquitoes (D:14)
  55 nagas
  14 soldier ants
  An acid dragon (D:15)
  2 hell hounds (Lair:4)
  Duvessa (D:6)
  10 porcupines
  3 sky beasts
  A swamp drake (shapeshifter) (Vaults:3)
  11 water moccasins
  An ice beast (D:5)
  An ettin simulacrum (Vaults:2)
  28 orc warriors
  3 eyes of draining
  30 ogres
  2 phantoms
  10 wolves
  9 crocodiles
  18 centaurs
  A human zombie (Vaults:3)
  16 bullfrogs
  Blork the orc (D:5)
  2 big kobolds
  A wyvern zombie (D:13)
  Dowan (D:6)
  2 wyvern skeletons (D:13)
  A scorpion (shapeshifter) (Vaults:5)
  2 scorpions
  An elf simulacrum (Vaults:3)
  A water moccasin skeleton (D:9)
  4 wights (D:9)
  4 electric eels
  7 howler monkeys
  3 spriggan skeletons
  A troll skeleton (Volcano)
  10 crimson imps
  3 centaur zombies
  4 bullfrog zombies
  10 orc priests
  7 hounds
  A jelly (D:9)
  2 bullfrog skeletons
  A human simulacrum (Vaults:3)
  6 centaur skeletons
  Terence (D:2)
  3 iguanas
  14 orc wizards
  7 hell rats
  36 worker ants
  8 ogre zombies (D:10)
  A bullfrog simulacrum (D:13)
  A naga skeleton (Volcano)
  2 hound skeletons
  A worker ant zombie (D:9)
  9 adders
  A river rat (D:9)
  5 shadow imps
  An ooze (D:2)
  4 worms
  6 dart slugs
  8 leopard geckos
  80 orcs
  3 giant cockroaches
  6 goblins
  4 hobgoblins
  10 jackals
  2 quokkas (D:7)
  8 ball pythons
  11 bats
  4 frilled lizards
  2 goblin skeletons (D:10)
  4 goblin zombies (D:10)
  2 hobgoblin zombies (D:10)
  A jackal zombie (D:8)
  12 kobolds
  3 orc skeletons (D:10)
  14 orc zombies (D:10)
  A quokka skeleton (D:6)
  2 quokka zombies
  16 rats
  A crawling corpse (Vaults:5)
  6 fungi
  5 plants
1510 creatures vanquished.

Vanquished Creatures (collateral kills)
  Mennas (Vaults:4)
  5 nagarajas (Snake:4)
  Aizul (Snake:1)
  Azrael (D:14)
  3 anacondas
  4 naga warriors
  A centaur warrior (D:13)
  2 death yaks (Lair:6)
  A shock serpent (Snake:4)
  A naga sharpshooter (Snake:1)
  A skeletal warrior (Volcano)
  An anaconda skeleton (Volcano)
  A wolf spider zombie (D:14)
  A deep elf mage (D:13)
  A lindwurm (Lair:6)
  3 ugly things (D:14)
  2 mana vipers (Snake:1)
  A salamander (Snake:1)
  7 black mambas
  A guardian serpent (Snake:4)
  A naga mage (Snake:1)
  A troll (D:14)
  A dream sheep (Lair:6)
  A hippogriff (Lair:6)
  An alligator skeleton (Volcano)
  A fire elemental (D:14)
  5 nagas
  3 hell hounds (D:14)
  A crocodile (Lair:6)
  An electric eel (D:11)
  A crimson imp (D:11)
  A worker ant (D:11)
  A naga skeleton (Volcano)
58 creatures vanquished.

Vanquished Creatures (others)
  A tengu reaver (Vaults:5)
  A nagaraja (Snake:4)
  A hell knight (Vaults:3)
  A deep elf mage (Vaults:3)
  A guardian serpent (Snake:4)
  A black mamba (Snake:2)
  2 naga magi (Snake:4)
  A yaktaur (Vaults:3)
  A flying skull (Volcano)
  A wraith (Vaults:1)
  A human (shapeshifter) (Vaults:3)
  A naga (Snake:4)
  An orc warrior (Vaults:3)
  A crimson imp (D:15)
  A dart slug (D:5)
  A crawling corpse (Vaults:5)
  4 fungi
  4 plants
  5 toadstools (D:7)
  A withered plant (D:15)
31 creatures vanquished.

Grand Total: 1599 creatures vanquished

Notes
Turn   | Place    | Note
-------+----------+-------------------------------------------
     0 | D:1      | Exodus22XD the Deep Dwarf Fighter began the quest for the
                  | Orb.
     0 | D:1      | Reached XP level 1. HP: 20/20 MP: 1/1
   179 | D:1      | Reached XP level 2. HP: 27/27 MP: 2/2
   525 | D:1      | Reached XP level 3. HP: 31/34 MP: 3/3
   726 | D:2      | Noticed Terence
   758 | D:2      | Killed Terence
   758 | D:2      | Reached skill level 3 in Axes
   813 | D:2      | Found a blossoming altar of Fedhas.
   880 | D:2      | Reached XP level 4. HP: 42/42 MP: 4/4
  1651 | D:3      | Reached skill level 4 in Axes
  1680 | D:3      | Reached XP level 5. HP: 38/49 MP: 5/5
  2414 | D:4      | Found a snail-covered altar of Cheibriados.
  2414 | D:4      | Found a radiant altar of Vehumet.
  2414 | D:4      | Found an iron altar of Okawaru.
  2444 | D:4      | Noticed a phantom
  2472 | D:4      | Killed a phantom
  2472 | D:4      | Reached skill level 5 in Axes
  2472 | D:4      | Reached skill level 1 in Dodging
  2472 | D:4      | Reached XP level 6. HP: 32/56 MP: 6/6
  3062 | D:4      | Reached XP level 7. HP: 38/63 MP: 7/7
  3149 | D:5      | Entered Level 5 of the Dungeon
  3149 | D:5      | Noticed Pikel
  3161 | D:5      | Killed Pikel
  3161 | D:5      | Reached skill level 6 in Axes
  3161 | D:5      | Reached skill level 5 in Armour
  3161 | D:5      | Reached skill level 5 in Shields
  3187 | D:5      | Reached skill level 7 in Axes
  3187 | D:5      | Reached skill level 1 in Maces & Flails
  3187 | D:5      | Reached XP level 8. HP: 42/72 MP: 8/8
  3258 | D:5      | Found a staircase to the Ecumenical Temple.
  3280 | Temple   | Entered the Ecumenical Temple
  3313 | Temple   | Became a worshipper of Makhleb the Destroyer
  3853 | D:5      | Noticed Grinder
  3854 | D:5      | Paralysed by Grinder for 5 turns
  3892 | D:5      | Killed Grinder
  4048 | D:5      | Reached skill level 8 in Axes
  4084 | D:5      | Reached skill level 1 in Invocations
  4157 | D:5      | Found the +2 Maxwell's thermic engine {flame, freeze}
  4256 | D:5      | Noticed Blork the orc
  4272 | D:5      | Killed Blork the orc
  4384 | D:6      | Noticed Duvessa
  4385 | D:6      | Noticed Dowan
  4401 | D:6      | Killed Duvessa
  4408 | D:6      | Killed Dowan
  4408 | D:6      | Gained mutation: You passively map the area around you.
                  | [Deep Dwarf growth]
  4408 | D:6      | Reached XP level 9. HP: 46/79 MP: 9/9
  4772 | D:6      | Got a spiked ring mail
  4788 | D:6      | Identified the +3 ring mail "Yteil" {Harm Str+4 Int-2} (You
                  | found it on level 6 of the Dungeon)
  4834 | D:6      | Found a basalt altar of Yredelemnul.
  4834 | D:6      | Noticed Prince Ribbit
  4848 | D:6      | Killed Prince Ribbit
  4848 | D:6      | Reached skill level 9 in Axes
  5053 | D:7      | Reached skill level 5 in Fighting
  5058 | D:7      | Reached * piety under Makhleb
  5203 | D:7      | Reached skill level 5 in Invocations
  5580 | D:8      | Reached XP level 10. HP: 66/88 MP: 10/10
  5618 | D:8      | Reached skill level 10 in Axes
  6062 | D:9      | Noticed a death yak
  6062 | D:9      | Noticed a death yak
  6063 | D:9      | Found a staircase to the Lair.
  6071 | D:9      | Noticed a death yak
  6086 | D:9      | Killed a death yak
  6111 | D:9      | Killed a death yak
  6127 | D:9      | Killed a death yak
  6164 | D:9      | Reached ** piety under Makhleb
  6575 | D:9      | Reached skill level 11 in Axes
  6660 | D:9      | Reached XP level 11. HP: 68/97 MP: 12/12
  6712 | D:9      | Found a bloodstained altar of Trog.
  6994 | D:10     | Entered Level 10 of the Dungeon
  6994 | D:10     | Found a staircase to the Orcish Mines.
  7043 | D:10     | Reached *** piety under Makhleb
  7141 | D:10     | Reached **** piety under Makhleb
  7423 | D:10     | Found Joragu's Food Shop.
  7674 | D:11     | Noticed Grum
  7674 | D:11     | Noticed a red ugly thing
  7725 | D:11     | Noticed Nergalle
  7754 | D:11     | Noticed a spectral orc warlord
  7770 | D:11     | Killed Nergalle
  7850 | D:11     | Found a transporter.
  7855 | D:11     | Noticed dengdeng's ghost (journeyman MiBe)
  7898 | D:11     | Paralysed by a hornet for 3 turns
  7937 | D:11     | Found a transporter.
  8019 | Lair:1   | Entered Level 1 of the Lair of Beasts
  8022 | Lair:1   | Reached skill level 12 in Axes
  8859 | Lair:2   | Found a staircase to the Shoals.
  9175 | Lair:2   | Noticed a queen ant
  9237 | Lair:2   | Killed a queen ant
  9237 | Lair:2   | Reached skill level 13 in Axes
  9240 | Lair:2   | Reached XP level 12. HP: 84/109 MP: 8/8
  9273 | Lair:2   | Reached ***** piety under Makhleb
  9452 | Lair:2   | Reached skill level 1 in Evocations
 10059 | Lair:3   | Reached skill level 5 in Dodging
 10248 | Lair:3   | Noticed a four-headed hydra
 10254 | Lair:3   | Killed a one-headed hydra
 10326 | Lair:3   | Reached skill level 14 in Axes
 10446 | Lair:3   | Noticed an eight-headed hydra
 10458 | Lair:3   | Killed a two-headed hydra
 10458 | Lair:3   | Reached skill level 10 in Shields
 10909 | Lair:4   | Found a dark tunnel.
 10926 | Volcano  | Entered a volcano
 11026 | Volcano  | Reached skill level 10 in Invocations
 11187 | Volcano  | Reached XP level 13. HP: 101/117 MP: 10/10
 11782 | Lair:4   | Found a staircase to the Snake Pit.
 11905 | Lair:4   | Reached skill level 15 in Axes
 12384 | Lair:5   | Found a staircase to the Slime Pits.
 13193 | Lair:6   | Entered Level 6 of the Lair of Beasts
 13287 | Lair:6   | Reached ****** piety under Makhleb
 14216 | Lair:6   | Gained mutation: You resist negative energy. (rN+) [Deep
                  | Dwarf growth]
 14216 | Lair:6   | Reached XP level 14. HP: 85/127 MP: 10/10
 15343 | D:11     | Killed Grum
 15642 | D:12     | Reached skill level 16 in Axes
 15705 | D:12     | You fall into a shaft and drop 3 floors!
 15705 | D:15     | Entered Level 15 of the Dungeon
 15734 | D:15     | Found a flickering gateway to a bazaar.
 15741 | Bazaar   | Entered a bazaar
 15759 | Bazaar   | Found Peubroa's Book Shoppe.
 15774 | Bazaar   | Found Denuqerch's Antique Weapon Shoppe.
 15774 | Bazaar   | Found Efeido's General Store.
 15795 | Bazaar   | Found Yhaerusa's Food Shoppe.
 15795 | Bazaar   | Found Edaoqe's Jewellery Emporium.
 15824 | Bazaar   | Bought an uncursed amulet of reflection for 330 gold pieces
 15824 | Bazaar   | Bought an uncursed ring of poison resistance for 220 gold
                  | pieces
 16031 | D:15     | Reached skill level 10 in Armour
 16088 | D:15     | Found Fufiwn's Magic Scroll Shoppe.
 16114 | D:15     | Bought a scroll of teleportation for 39 gold pieces
 16114 | D:15     | Bought a scroll of teleportation for 39 gold pieces
 16114 | D:15     | Bought a scroll of blinking for 97 gold pieces
 16114 | D:15     | Bought a scroll of enchant armour for 97 gold pieces
 16221 | D:14     | Noticed Azrael
 16266 | D:14     | Killed Azrael
 16470 | D:12     | Found a runed translucent door.
 16485 | D:12     | Noticed Golibam's ghost (novice FoFi)
 17307 | Snake:1  | Entered Level 1 of the Snake Pit
 17503 | Snake:1  | Noticed Aizul
 17514 | Snake:1  | Killed Aizul
 17552 | Snake:1  | Reached XP level 15. HP: 51/138 MP: 1/7
 17664 | Snake:1  | Reached skill level 10 in Fighting
 18412 | Snake:2  | Reached skill level 17 in Axes
 19415 | Snake:3  | Got a pair of bloodstained gloves
 19426 | Snake:3  | Identified the cursed +0 pair of gloves of Elyvilon's
                  | Approval {rF+ rC+} (You found it on level 3 of the Snake
                  | Pit)
 20287 | Snake:3  | Noticed Asterion
 20317 | Snake:3  | Killed Asterion
 20439 | Snake:4  | Entered Level 4 of the Snake Pit
 20475 | Snake:4  | Reached XP level 16. HP: 98/148 MP: 5/5
 21310 | Snake:4  | Reached skill level 15 in Shields
 21310 | Snake:4  | Reached skill level 15 in Invocations
 21436 | Snake:4  | Reached skill level 18 in Axes
 21516 | Snake:4  | Got a serpentine rune of Zot
 21746 | Snake:4  | Reached XP level 17. HP: 99/157 MP: 4/4
 22190 | Shoals:1 | Entered Level 1 of the Shoals
 22989 | Shoals:2 | Found a flickering gateway to a bazaar.
 22998 | Bazaar   | Entered a bazaar
 23017 | Bazaar   | Found Wyghoow's Book Emporium.
 23028 | Bazaar   | Found Bionaick's General Store.
 23073 | Bazaar   | Found Paimuc's Antique Armour Shoppe.
 23097 | Bazaar   | Found Maepuh's Magic Scroll Emporium.
 23117 | Bazaar   | Found Reut's Gadget Shoppe.
 23215 | Bazaar   | Bought a dazzling plate armour for 504 gold pieces
 23216 | Bazaar   | Identified the +3 plate armour of Cloud Cover {+Blink rC++
                  | MR+} (You bought it in a shop in a bazaar)
 23220 | Bazaar   | Bought the +2 hat of the Bear Spirit {Spirit, +Rage rN+
                  | MR++} for 703 gold pieces
 23220 | Bazaar   | Found the +2 hat of the Bear Spirit {Spirit, +Rage rN+
                  | MR++}
 24394 | Shoals:4 | Entered Level 4 of the Shoals
 24446 | Shoals:4 | Noticed Ilsuiw
 24505 | Shoals:4 | Killed Ilsuiw
 24829 | Shoals:4 | Reached skill level 19 in Axes
 25329 | Shoals:4 | Got a barnacled rune of Zot
 25787 | D:13     | Found Tuenwav's Antique Weapon Boutique.
 25923 | D:13     | You fall into a shaft and drop 2 floors!
 25974 | D:15     | Found a staircase to the Depths.
 25987 | D:15     | Gained mutation: You passively map a large area around you.
                  | [Deep Dwarf growth]
 25987 | D:15     | Reached XP level 18. HP: 147/168 MP: 0/6
 26108 | D:15     | Found Ixzeadown's Antique Weapon Boutique.
 26117 | D:15     | Noticed Agnes
 26140 | D:15     | Killed Agnes
 26147 | D:15     | Found a stormy altar of Qazlal.
 26518 | D:14     | Found Neguqeg's Weapon Shop.
 26996 | D:13     | Found Zeoblaa's Changing Room.
 27343 | D:13     | Found a gate to the Vaults.
 27440 | Vaults:1 | Entered Level 1 of the Vaults
 27478 | Vaults:1 | Noticed a Tzitzimitl
 27482 | Vaults:1 | Noticed a Tzitzimitl
 28454 | Vaults:1 | Reached skill level 20 in Axes
 29452 | Vaults:2 | Found a staircase to the Crypt.
 29452 | Vaults:2 | Found a basalt altar of Yredelemnul.
 29453 | Vaults:2 | Found an ancient bone altar of Kikubaaqudgha.
 29704 | Vaults:2 | Reached XP level 19. HP: 173/178 MP: 0/7
 29823 | Vaults:2 | Noticed Mara
 29846 | Vaults:2 | Noticed Exodus22XD's illusion
 29895 | Vaults:2 | Killed Mara
 29995 | Vaults:2 | Found a gateway to a bazaar.
 30014 | Bazaar   | Entered a bazaar
 30016 | Bazaar   | Found Tuenon's Antique Weapon Boutique.
 30020 | Bazaar   | Found Suggiuch's Gadget Boutique.
 30020 | Bazaar   | Found Kutze's Weapon Boutique.
 30021 | Bazaar   | Found Loseruf's Assorted Antiques.
 30059 | Bazaar   | Bought a potion of heal wounds for 150 gold pieces
 30059 | Bazaar   | Bought a potion of heal wounds for 150 gold pieces
 30815 | Vaults:3 | Noticed Nikola
 30865 | Vaults:3 | Killed Nikola
 31068 | Vaults:3 | Reached skill level 21 in Axes
 31836 | Vaults:3 | Reached XP level 20. HP: 190/190 MP: 0/8
 32674 | Vaults:4 | Noticed Mennas
 33180 | Vaults:4 | Killed Mennas
 33222 | Vaults:5 | Entered Level 5 of the Vaults
 33260 | Vaults:5 | Reached skill level 22 in Axes
 33297 | Vaults:5 | Reached XP level 21. HP: 199/199 MP: 0/9
 33446 | Vaults:5 | Noticed Jory
 33460 | Vaults:5 | Killed Jory
 33469 | Vaults:5 | Got a twisted ring mail
 33470 | Vaults:5 | Identified the +1 ring mail of Pumum {Str+6 SInv Stlth+}
                  | (You found it on level 5 of the Vaults)
 33623 | Vaults:5 | Found Domuah's Book Emporium.
 33815 | Vaults:5 | Found Jucsoid's Assorted Antiques.
 33827 | Vaults:5 | Got a silver rune of Zot
 33876 | Vaults:5 | Bought a scroll of enchant weapon for 217 gold pieces
 34016 | Vaults:5 | Identified the ring "Obbunorch" {*Tele rN++ Str+2 Int-5
                  | SInv}
 34216 | Vaults:5 | Reached skill level 15 in Fighting
 34349 | Vaults:5 | Noticed a golden dragon
 34353 | Vaults:5 | Noticed a golden dragon
 34376 | Vaults:5 | Killed a golden dragon
 34381 | Vaults:5 | Killed a golden dragon
 34508 | Vaults:5 | Noticed an ancient lich
 34536 | Vaults:5 | Killed an ancient lich
 35215 | Slime:1  | Entered Level 1 of the Pits of Slime
 35254 | Slime:1  | Reached XP level 22. HP: 210/210 MP: 0/10
 35534 | Slime:3  | Reached skill level 23 in Axes
 35535 | Slime:3  | Gained mutation: You are weak. (Str -2) [a shining eye]
 35536 | Slime:3  | Gained mutation: Scrolls take you a little longer to read.
                  | [a shining eye]
 35608 | Slime:5  | Entered Level 5 of the Pits of Slime
 35635 | Slime:5  | HP: 9/210 [acid (7)]
 35635 | Slime:5  | HP: 2/210 [slime creature (7)]
 35635 | Slime:5  | Killed from afar by an acid blob

Illustrated notes

Levels and vault maps discovered:
D:1:      dpeg_arrival_tiny_j, layout_loops_cross, minmay_shallow_snake_nest
D:2:      layout_basic, fedhas_ov_isle_minmay, uniq_terence
D:3:      layout_basic, grunt_ministairs_10
D:4:      layout_loops_ring, gammafunk_temple_overflow_claw
D:5:      kennysheep_slugbush, layout_loops_corners,
          minmay_temple_entry_purple_smoke, first_ration, uniq_pikel,
          uniq_blork_the_orc, uniq_grinder
D:6:      layout_rooms, yredelemnul_altar_generic, uniq_prince_ribbit1,
          uniq_duvessa
D:7:      layout_gridville, grunt_livestock, minmay_strange_pillars,
          minmay_gold_behind_fungi
D:8:      layout_cave_pools
D:9:      layout_roguey, tgw_trog, dpeg_lair_monsters, special_room
          [special_room_orc]
D:10:     layout_roguey, zombieorc2_lemuel, serial_shops, shop
D:11:     layout_basic, gammafunk_ghost_stat_death, uniq_nergalle, uniq_grum
D:12:     layout_roguey, ebering_ghost_reflecting_pool, amethyst_killhole
D:13:     layout_cave_pools, david_vaults_2, serial_shops,
          nicolae_shop_behind_doors, nicolae_transmutations_shop,
          hangedman_weighted_door
D:14:     layout_loops_cross, serial_shops, nicolae_shop_waterfront,
          minmay_misc_feat_four_crosses, uniq_azrael
D:15:     gammafunk_depths_entry_grave, layout_basic, serial_shops,
          freezing_bzr, nicolae_shop_statue_plus, shop,
          minmay_misc_feat_columns, nicolae_qazlal_general_emergency, uniq_agnes
Temple:   nicolae_temple_elliptical
Lair:1:   layout_long_grid
Lair:2:   layout_cave_pods, elwin_shoals_entry_rocks, zaba_anthell
Lair:3:   layout_loops_ring, st_stairs_6
Lair:4:   layout_regular_city, minmay_snake_entry_guardpost_small,
          enter_volcano_3, grunt_megastairs_1
Lair:5:   layout_hall_layers, dpeg_slime_entry_corner
Lair:6:   hangedman_lair_in_review, layout_long_grid,
          nicolae_quartered_pool_medium
Shoals:1: layout_shoals
Shoals:2: layout_shoals, serial_shops, bzr_entry_dummy,
          nicolae_shoals_siren_and_animal_friends
Shoals:3: layout_shoals, shoals_oasis
Shoals:4: shoals_end_grunt_ice, layout_shoals, shoals_ilsuiw_ice,
          nicolae_shoals_hunting_party
Snake:1:  layout_rooms, grunt_megastairs_5, uniq_aizul
Snake:2:  nicolae_snakescales, layout_basic, serial_bayou_shore_b
Snake:3:  layout_chambers, uniq_asterion
Snake:4:  snake_hunt, layout_gridlike, nicolae_snake_linked_coils,
          lemuel_fruit_tree, grunt_megastairs_3
Slime:1:  layout_caves
Slime:2:  layout_caves, basic_altar, nicolae_slime_barrier
Slime:3:  layout_caves
Slime:4:  layout_caves
Slime:5
Vaults:1: hangedman_vaults_stitches, v_misc_8, grunt_vaults_hallway_long,
          v_alt_pattern_3, nicolae_vaults_network_quinsquares
          [nicolae_vaults_network_quincunx_subvault,
          nicolae_vaults_network_quincunx_subvault,
          nicolae_vaults_network_quincunx_subvault,
          nicolae_vaults_network_quincunx_subvault],
          nicolae_vaults_network_periphery, vaults_room_fancy_cross,
          vaults_room_semicircle, grunt_vaults_trifunnel, v_misc_9, v_pattern_5,
          layout_vaults_ring, serial_shops, bzr_entry_gold
Vaults:2: minmay_crypt_entry_necro_gods, nicolae_vaults_circle_grid_a,
          nicolae_vaults_display_case, layout_vaults_omnigrid, serial_shops,
          bzr_entry_safe, uniq_mara
Vaults:3: hangedman_vaults_stream, ontoclasm_vaults_eye, v_misc_10,
          vaults_dpeg_ring, ontoclasm_vaults_ring_small, v_misc_5,
          hangedman_vaults_stagger, v_alt_pattern_3,
          nicolae_vaults_circle_grid_b, vaults_mumra_chevron_long, st_cells,
          nicolae_vaults_border_crossing, ontoclasm_vaults_decontamination,
          layout_vaults_maze, uniq_nikola
Vaults:4: v_alt_pattern_1, v_pattern_4, v_misc_14, ontoclasm_vaults_chip,
          v_rooms_1, v_misc_13, ontoclasm_vaults_twist, ontoclasm_vaults_chip,
          ontoclasm_vaults_ring_large, hangedman_vaults_slice,
          vaults_standard_mumra_x, ontoclasm_vaults_claustrophobia,
          layout_vaults_omnibox, nicolae_trove_entry_crystal, uniq_mennas
Vaults:5: serial_shops, uniq_jory

Skill      XL: |  1  2  3  4  5  6  7  8  9 10 11 12 13 14 15 16 17 18 19 20 21 22 |
---------------+-------------------------------------------------------------------+-----
Fighting       | 3 4 5 6 7 8 9 10 11 12 13 14 15 | 15.2
Axes           | 3 4 5 7 8 9 11 13 14 15 16 17 18 19 20 21 22 23 | 23.0
Shields        | 4 5 6 7 8 9 10 11 12 14 15 16 17 18 19 20 | 20.8
Armour         | 4 5 6 7 8 9 10 11 12 13 | 13.9
Dodging        | 1 3 4 5 6 7 8 |  8.5
Maces & Flails | 1 2 4 |  4.0
Invocations    | 2 5 7 8 10 11 13 14 15 16 17 18 19 | 19.8
Evocations     | 1 |  1.0

Action                   |  1- 3 |  4- 6 |  7- 9 | 10-12 | 13-15 | 16-18 | 19-21 | 22-24 || total
-------------------------+-------+-------+-------+-------+-------+-------+-------+-------++-------
Melee: War axe           |   100 |   191 |   123 |   121 |   563 |   362 |       |       ||  1460
       Flail             |       |       |    43 |   109 |       |       |       |       ||   152
       Hand axe          |       |       |   180 |   954 |  1425 |       |       |       ||  2559
       Broad axe         |       |       |       |       |       |  1725 |  1737 |   121 ||  3583
       Morningstar       |       |       |       |       |       |       |    17 |       ||    17
Invok: Lesser Servant of |       |       |       |     1 |    11 |     2 |       |       ||    14
       Greater Servant o |       |       |       |       |     3 |     3 |     4 |       ||    10
       Major Destruction |       |       |       |       |     7 |       |       |       ||     7
 Abil: Heal Wounds       |     1 |     1 |    10 |    22 |    26 |    10 |     5 |       ||    75
Evoke: Wand              |       |       |       |     1 |     2 |     1 |       |     5 ||     9
  Use: Scroll            |       |     7 |     8 |     5 |    12 |    14 |    14 |       ||    60
       Potion            |       |       |       |     8 |    11 |     6 |       |       ||    25
 Stab: Distracted        |       |       |       |     1 |     7 |     6 |     2 |       ||    16
  Eat: Chunk             |       |     7 |    11 |    17 |    30 |    23 |    19 |       ||   107
       Ration            |       |       |       |     2 |     1 |     3 |     1 |       ||     7
Armor: Scale mail        |    48 |    30 |       |       |       |       |       |       ||    78
       Plate armour      |       |    89 |   157 |       |       |       |       |       ||   246
       Ring mail         |       |       |    39 |   300 |     2 |       |       |       ||   341
       Chain mail        |       |       |       |       |   717 |   518 |   319 |       ||  1554
       Fire dragon scale |       |       |       |       |       |       |    97 |       ||    97
       Gold dragon scale |       |       |       |       |       |       |    60 |    31 ||    91
Dodge: Dodged            |    42 |    44 |    89 |   347 |   493 |   457 |   437 |    12 ||  1921
Block: Kite shield       |    63 |    98 |   178 |   522 |  1294 |  1843 |   957 |       ||  4955
       Reflection        |       |       |       |       |   102 |   151 |    94 |     9 ||   356
       Tower shield      |       |       |       |       |       |       |   890 |   136 ||  1026
